AoeStats
← Whololo_95

Migration

510096986Analyzed
1v1 RM · 3d ago on Sep 29, 2026· 42m 55s· 2 players
Game mode
Random Map
Map size
132×132
Population
200
Speed
Normal
Resources
Standard
Victory
Conquest
Starting age
Dark Age
Ending age
Imperial Age
RankedLock teamsTeams togetherTeam positionsShared explorationLock speedFull tech treeHidden civsTurbo modeCheats
Victory
Defeat
🇩🇪 Saxons · Germany
761
+15
🇧🇷 Varangians · Brazil
746
-15
PNLN Xavante
11:17 Feudal Age
12:03 Double-Bit Axe
13:05 Fishing Lines
13:14 Loom
17:21 Castle Age
16:03 Horse Collar
16:33 Gold Mining
19:03 Wheelbarrow
26:04 Gillnets
27:54 Stone Mining
29:30 Wheelbarrow
28:43 Town Watch
29:45 Bow Saw
29:21 Horse Collar
30:32 Fletching
35:03 Bodkin Arrow
35:19 Forging
35:27 Scale Barding Armor
35:23 Scale Mail Armor
36:46 Siphons
37:05 Ballistics
36:41 Murder Holes
40:20 Imperial Age
40:25 Elite Longship
43:44 Hand Cart
Whololo_95
11:25 Feudal Age
11:29 Man-at-Arms
11:55 Arson
13:00 Wheelbarrow
15:38 Double-Bit Axe
18:24 Fishing Lines
19:47 Horse Collar
24:20 Castle Age
23:08 Forging
22:58 Scale Mail Armor
24:29 Fletching
25:29 Bow Saw
25:11 Gold Mining
25:14 Stone Mining
25:26 Heavy Plow
26:56 Iron Casting
26:37 Chain Mail Armor
28:24 Medium Warships
32:26 Gold Shaft Mining
34:54 Hand Cart
39:13 Imperial Age
40:32 Conscription
42:49 Elite Varangian Guard
Connection lost

Rejoining the realm…

Still unreachable

The connection could not be restored.

Session expired

The server has moved on; the page needs a fresh start.